 Dungeon Crawl Stone Soup version 0.30-a0-458-g86641cc369 (webtiles) character file.

Game seed: 9689726498515355895

242 lokiplouj the Trooper (level 5, -3/72 HPs)
             Began as a Minotaur Berserker on Dec 14, 2022.
             Was a Believer of Trog.
             Slain by an orc wizard
             ... wielding a +0 dagger
              (4 damage)
             ... on level 4 of the Dungeon.
             The game lasted 00:01:53 (2430 turns).

lokiplouj the Trooper (Minotaur Berserker)          Turns: 2430, Time: 00:01:54

Health: -3/72      AC:  2    Str: 22    XL:     5   Next: 82%
Magic:  4/4        EV: 13    Int:  4    God:    Trog [**....]
Gold:   172        SH:  0    Dex: 11    Spells: 4/4 levels left

rFire   . . .      SeeInvis .    a - +0 hand axe
rCold   . . .      Faith    .    (no shield)
rNeg    . . .      Spirit   .    b - +0 animal skin
rPois   .          Reflect  .    p - +0 hat
rElec   .          Harm     .    (no cloak)
rCorr   .          Rampage  .    (no gloves)
Will    .....                    (no boots)
Stlth   ..........               (no amulet)
HPRegen 0.32/turn                (no ring)
MPRegen 0.09/turn                (no ring)

@: berserking (expiring), lethally poisoned (-3 -> -6), very quick
A: horns 2, retaliatory headbutt
a: Renounce Religion, Berserk, Trog's Hand


You were on level 4 of the Dungeon.
You worshipped Trog.
Trog was pleased with you.
You visited 1 branch of the dungeon, and saw 4 of its levels.

You collected 172 gold pieces.

Inventory:

Hand Weapons
 a - a +0 hand axe (weapon)
Armour
 b - a +0 animal skin (worn)
 p - a +0 hat (worn)
Scrolls
 d - a scroll of identify {unknown}
 e - 3 scrolls of amnesia {unknown}
 f - 3 scrolls of butterflies {unknown}
 g - a scroll of noise {unknown}
 j - 2 scrolls of teleportation {unknown}
 k - a scroll of fog {unknown}
 m - a scroll of acquirement {unknown}
 o - a scroll of poison {unknown}
Potions
 c - a potion of curing {unknown}
 h - a potion of magic {unknown}
 i - a potion of haste {unknown}
 l - a potion of flight {unknown}
 n - a potion of berserk rage {unknown}
 q - a potion of lignification {unknown}
 r - a potion of attraction {unknown}


   Skills:
 + Level 5.0 Fighting
 + Level 5.0 Axes
 + Level 4.2 Armour
 + Level 3.8 Dodging


You had 4 spell levels left.
You didn't know any spells.
Your spell library was empty.

Dungeon Overview and Level Annotations

Branches:
Dungeon (4/15)             Temple (0/1) D:4

Altars:

Shops:
D:1 :   D:2 ?

Annotations:
D:4 Eustachio


Innate Abilities, Weirdness & Mutations

You have a pair of horns on your head.
You reflexively headbutt those who attack you in melee.


Message History

* * * LOW HITPOINT WARNING * * *
Eustachio gestures wildly while chanting.
Eustachio blinks!
You feel a strong urge to attack something.
You feel sick.
The orc wizard hits you with a +0 dagger.
* * * LOW HITPOINT WARNING * * *
You slash Ijyb!
You kill Ijyb!
Trog accepts your kill.
You hit the endoplasm. You closely miss the orc wizard.
You feel sick.
Your Fighting skill increases to level 5!
Your Axes skill increases to level 5!
You slash the rat!
You kill the rat!
The rat's corpse disappears in a puff of smoke!
You slash the endoplasm!
You kill the endoplasm!
Trog accepts your kill.
You hit the orc wizard but do no damage.
You feel sick.
Eustachio brags, "I can call spirits from the vasty deep."
The orc wizard hits you with a +0 dagger.
* * * LOW HITPOINT WARNING * * *
You closely miss the orc. You hit the orc wizard. You hit the orc wizard.
The orc wizard is severely wounded.
You hit the orc.
You feel sick.
The orc wizard hits you with a +0 dagger.
* * * LOW HITPOINT WARNING * * *
The orc hits you with a +0 hand axe.
* * * LOW HITPOINT WARNING * * *
You hit the orc.
You kill the orc!
Trog accepts your kill.
You closely miss the orc wizard.
* * * LOW HITPOINT WARNING * * *
You feel sick.
The orc wizard hits you with a +0 dagger.
You die...

# ...........
.#.#..⌠...⌠..# .
..#.........## ..
......>......
...###.........#
#...#..⌠...⌠..##
#....o@.......
#)r)@.....#
#####.##.##.##
#........##
#.#.........#
#.#.###..####
#########.#.###..###
#..........<.......
#.#######.#.###..###
##.# #....##..#


You could see Eustachio, an orc wizard and a rat (summoned).

Vanquished Creatures
  Blork the orc (D:4)
  An orc priest (D:4)
  Ijyb (D:4)
  An orc wizard (D:3)
  2 adders
  8 orcs
  5 ball pythons
  5 bats
  7 endoplasms
  A giant cockroach (D:4)
  5 hobgoblins
  7 kobolds
  A quokka (D:1)
  2 frilled lizards
  8 goblins
  7 rats
62 creatures vanquished.

Notes
Turn   | Place    | Note
-------+----------+-------------------------------------------
     0 | D:1      | lokiplouj the Minotaur Berserker began the quest for the
                  | Orb.
     0 | D:1      | Reached XP level 1. HP: 19/19 MP: 0/0
   155 | D:1      | Found Ixukh's Book Boutique.
   474 | D:1      | Reached XP level 2. HP: 27/27 MP: 1/1
  1014 | D:2      | Reached XP level 3. HP: 33/33 MP: 2/2
  1024 | D:2      | Reached ** piety under Trog
  1068 | D:2      | Found Kacseud's Magic Scroll Shoppe.
  1520 | D:3      | Reached XP level 4. HP: 40/41 MP: 3/3
  2246 | D:4      | Noticed Blork the orc
  2251 | D:4      | Killed Blork the orc
  2252 | D:4      | Reached XP level 5. HP: 34/47 MP: 4/4
  2412 | D:4      | Found a staircase to the Ecumenical Temple.
  2413 | D:4      | Noticed Ijyb
  2413 | D:4      | Noticed Eustachio
  2426 | D:4      | Killed Ijyb
  2427 | D:4      | Reached skill level 5 in Fighting
  2427 | D:4      | Reached skill level 5 in Axes
  2429 | D:4      | HP: 2/72 [orc wizard/+0 dagger (2)]
  2430 | D:4      | Slain by an orc wizard

Illustrated notes

Levels and vault maps discovered:
D:1:      lemuel_arrival_muddy, layout_basic, serial_shops, shop_statue
D:2:      layout_basic, serial_shops, shop, grunt_ministairs_12
D:3:      layout_rooms
D:4:      layout_loops_corners, nzn_wu_jian_council_hall,
          minmay_temple_entry_large_hall, kennysheep_generic_room_3,
          uniq_blork_the_orc, uniq_ijyb, uniq_eustachio

Skill      XL: |  1  2  3  4  5 |
---------------+----------------+-----
Fighting       | 4 5 |  5.0
Axes           | 4 5 |  5.0
Armour         | 3 4 |  4.2
Dodging        | 3 |  3.8

Action                   |  1- 3 |  4- 6 || total
-------------------------+-------+-------++-------
Melee: Hand axe          |    59 |    73 ||   132
       Headbutt          |     8 |     9 ||    17
Invok: Berserk           |       |     1 ||     1
 Stab: Sleeping          |     1 |       ||     1
Armor: Animal skin       |    10 |     5 ||    15
Dodge: Dodged            |    30 |    40 ||    70

Table legend: (Time is in decaauts)
 A = Elapsed time spent in this place.
 B = Non-inter-level travel time spent in this place.
 C = Inter-level travel time spent in this place.
 D = Time resting spent in this place.
 E = Time spent auto-exploring this place.
 F = Levels seen in this place.
 G = Mean time per level.
                   A        B        C        D        E       F      G
               +--------+--------+--------+--------+--------+-----+--------+
         Total |   2437 |   2285 |    152 |      0 |   1937 |   4 |  609.2 |
       Dungeon |   2437 |   2285 |    152 |      0 |   1937 |   4 |  609.2 |
               +--------+--------+--------+--------+--------+-----+--------+

Top non-repeatable levels by time:
     D:3: 759 daAuts
     D:1: 754 daAuts
     D:2: 731 daAuts
     D:4: 191 daAuts
